 Dungeon Crawl Stone Soup version 0.17.0-28-g6e173f8 (webtiles) character file.

40 Miyamura the Poker (level 3, -3/30 HPs)
             Began as a Merfolk Berserker on Nov 27, 2015.
             Was a Follower of Trog.
             Killed from afar by Sigmund (5 damage)
             ... with a wand of flame
             ... on level 2 of the Dungeon on Nov 28, 2015.
             The game lasted 00:04:45 (994 turns).

Miyamura the Poker (Merfolk Berserker)               Turns: 994, Time: 00:04:46

Health: -3/30      AC:  6    Str: 17    XL:     3   Next: 50%
Magic:  4/4        EV: 11    Int:  7    God:    Trog [*.....]
Gold:   67         SH:  0    Dex: 13    Spells: 0 memorised, 3 levels left

rFire  . . .     SeeInvis .     a - +0 spear
rCold  . . .     Clarity  .     g - +0 scale mail
rNeg   . . .     SustAt   .     (no shield)
rPois  .         Gourm    .     (no helmet)
rElec  .         Spirit   .     (no cloak)
rCorr  .         Warding  .     (no gloves)
rMut   .         Stasis   .     (no boots)
MR     .....                    (no amulet)
Stlth  +.........               (no ring)
                                d - ring of stealth

@: exhausted, about to teleport, slowed, very slow, not resistant to hostile
enchantments, very unstealthy
A: change form in water, swift swim
a: Berserk, Burn Spellbooks, Renounce Religion


You were on level 2 of the Dungeon.
You worshipped Trog.
Trog was aware of your devotion.
You were very hungry.

You visited 1 branch of the dungeon, and saw 2 of its levels.

You collected 67 gold pieces.

Inventory:

Hand Weapons
 a - a +0 spear (weapon)
Armour
 g - a +0 scale mail (worn)
Jewellery
 d - a ring of stealth (left hand)
Scrolls
 j - a scroll of remove curse
Potions
 e - a potion of curing
 h - a potion of heal wounds {unknown}
Comestibles
 c - a bread ration


   Skills:
 + Level 3.7 Fighting
 + Level 4.8 Polearms
 + Level 1.8 Armour
 + Level 3.2 Dodging
 - Level 0.8 Spellcasting


You had 3 spell levels left.
You didn't know any spells.

Dungeon Overview and Level Annotations

Branches:
Dungeon (2/15)

Altars:
Okawaru

Annotations:
D:2 Sigmund


Message History

You are exhausted.
You feel yourself slow down.
You are feeling very hungry.
You're too confused!
You're too confused to move!
Sigmund zaps a wand.
The puff of flame hits you!
You bump into the rock wall.
You feel less confused.
Sigmund zaps a wand.
The puff of flame hits you!
Sigmund zaps a wand.
The puff of flame hits you!
* * * LOW HITPOINT WARNING * * *
Read which item? (? for menu, Esc to quit)
As you read the scroll labeled BEIK SOAGGAIC, it crumbles to dust.
It is a scroll of recharging.
You aren't carrying any rechargeable items.
Sigmund zaps a wand.
The puff of flame misses you.
Read which item? (? for menu, Esc to quit)
As you read the scroll labeled JIRGHI VANEY, it crumbles to dust.
You feel strangely unstable.
It was a scroll of teleportation.
Sigmund zaps a wand.
The puff of flame hits you!
You die...

######.## #..# #..###.# .....#.##
#.## ##.# #.# #....##..# #.# #.#
##...(...# #.# #.# #....#...# #.#
#.# #....##### #.# #.# ####.# #.#
#.# #.# #.# #.# #@# #.# #.# ..
...##..@.# #.# #.# ... ..#.>####
#.###.# #..##...#### #..##.## #.
## #.........# ##...#.#.
....##.........# ##..#.....
#.#............# #..###...# #..
#..........# #####...#.....
###.##..........####.....#...#.#.


You could see Sigmund.

Vanquished Creatures
  2 adders (D:2)
  2 giant cockroaches
  4 goblins
  3 hobgoblins
  3 kobolds (D:1)
  3 bats (D:1)
  3 giant newts (D:1)
  5 rats (D:1)
25 creatures vanquished.

Notes
Turn   | Place    | Note
--------------------------------------------------------------
     0 | D:1      | Miyamura the Merfolk Berserker began the quest for the Orb.
     0 | D:1      | Reached XP level 1. HP: 18/18 MP: 1/1
     0 | D:1      | Noticed a dwarf
     1 | D:1      | Noticed a human zombie
     3 | D:1      | Noticed a vine stalker skeleton
     3 | D:1      | Noticed a draconian
     6 | D:1      | Noticed a draconian skeleton
    11 | D:1      | Noticed a felid
    13 | D:1      | Noticed an elf skeleton
    13 | D:1      | Noticed a troll zombie
    16 | D:1      | Noticed a naga
    18 | D:1      | Noticed a spriggan skeleton
    18 | D:1      | Noticed a centaur skeleton
    25 | D:1      | Noticed an octopode zombie
   286 | D:1      | Reached XP level 2. HP: 24/24 MP: 2/2
   607 | D:2      | Reached XP level 3. HP: 29/29 MP: 3/3
   635 | D:2      | Found an iron altar of Okawaru.
   981 | D:2      | Noticed Sigmund
   994 | D:2      | Killed from afar by Sigmund

Action                   || total
-------------------------++-------
Melee: Spear             ||    97
Invok: Berserk           ||     1
  Use: Scroll            ||     3
       Potion            ||     1
 Stab: Sleeping          ||     2
